Remparts vs Gangsters
(R1)
Created - December 9, 2019 at 19:02
Goals
|
Remparts |
0 |
1 |
3 |
4 |
Gangsters |
1 |
1 |
1 |
3 |
|
Shots
|
Remparts |
9 |
12 |
12 |
33 |
Gangsters |
9 |
14 |
16 |
39 |
|
1st period
1. Gangsters , Kevin Roy 8 (Stefan Noesen 6) at 4:51
Penalties :
Brett Ponich (Bro) for Charging (Minor) at 8:05, Devante Smith-Pelly (Bro) for Hooking (Minor) at 11:14, Artem Anisimov (Bro) for High sticking (Minor) at 16:46
2nd period
2. Gangsters , Artem Anisimov 14 (Dave Dziurzynski 20, Brett Ponich 13) at 4:55
3. Remparts , Cédric Lalonde-McNicoll 9 (Nail Yakupov 9, Keaton Thompson 2) at 9:19
Penalties :
Nelson Nogier (Que) for High sticking (Minor) at 11:28, Stefan Noesen (Bro) for Hooking (Minor) at 18:16
3rd period
4. Remparts , Niklas Hansson 3 (Sam Reinhart 7, Guillaume Desbiens 10) at 6:03 (PP)
5. Remparts , Pontus Aberg 8 (Max Reinhart 14, Ryan Strome 12) at 7:03 (PP)
6. Gangsters , Seth Griffith 7 (Jonas Brodin 12, Richard Panik 33) at 9:27 (PP)
7. Remparts , Nail Yakupov 11 (Cédric Lalonde-McNicoll 10, Sam Reinhart 8) at 14:15
Penalties :
Keaton Thompson (Que) for Hooking (Minor) at 3:46, Morgan Ellis (Bro) for Interference (Minor) at 4:37, Brett Ponich (Bro) for Hooking (Minor) at 5:19, Ryan Strome (Que) for Roughing (Minor) at 8:51, Samuel Blais (Bro) for Hooking (Minor) at 16:58
Goalie Stats
Igor Bobkov (Que), 36 saves from 39 shots - (0.923), W, 4-3-1, 60:00 minutes
Dustin Tokarski (Bro), 29 saves from 33 shots - (0.879), L, 8-8-0, 59:04 minutes
Players Stats for Remparts
Player Name G A P +/- PIM S H SB GA TA FO MP PP MP PK MP
------------------------------------------------------------------------------------
Brendan Perlini 0 0 0 0 0 0 2 1 0 0 0/1 16:10 4:47 0:00
Cédric Lalonde-McNicoll 1 1 2 1 0 1 1 0 0 1 1/6 10:52 0:00 0:43
Guillaume Desbiens 0 1 1 0 0 3 2 1 0 0 2/2 16:53 4:47 0:43
Jake Virtanen 0 0 0 -1 0 1 2 0 0 0 0/0 7:31 0:00 0:53
Keaton Thompson 0 1 1 1 2 0 2 3 0 0 0/0 18:38 4:26 0:48
Matt Puempel 0 0 0 1 0 0 0 1 0 1 0/0 10:09 0:00 0:00
Max Reinhart 0 1 1 0 0 5 2 0 0 0 27/48 24:51 6:26 2:16
Michael Downing 0 0 0 -2 0 1 0 1 0 1 0/0 10:33 0:00 0:40
Michal Jordan 0 0 0 1 0 6 2 2 1 1 0/0 29:13 6:49 1:00
Mitchell Heard 0 0 0 -1 0 2 2 0 0 0 1/3 7:40 0:00 0:00
Nail Yakupov 1 1 2 1 0 2 1 0 0 0 0/0 11:20 0:03 0:00
Nelson Nogier 0 0 0 -2 2 0 0 3 0 0 0/0 9:11 0:00 0:00
Niklas Hansson 1 0 1 1 0 1 1 3 0 1 0/0 21:56 4:24 2:26
Pontus Aberg 1 0 1 0 0 3 1 0 1 1 2/3 20:55 6:21 0:00
Roberts Lipsbergs 0 0 0 -1 0 0 0 1 1 0 0/0 8:50 0:03 0:40
Ryan Strome 0 1 1 0 2 4 4 0 0 0 0/0 23:41 6:23 1:37
Sam Reinhart 0 2 2 0 0 1 1 1 0 0 7/16 16:10 4:47 0:00
William Colbert 0 0 0 1 0 3 1 6 0 2 0/0 30:50 6:49 1:58
Players Stats for Gangsters
Player Name G A P +/- PIM S H SB GA TA FO MP PP MP PK MP
------------------------------------------------------------------------------------
Adam Lowry 0 0 0 -1 0 0 0 1 0 0 1/1 6:28 0:00 0:00
Artem Anisimov 1 0 1 1 2 8 2 2 0 1 19/41 22:50 1:27 6:05
Brett Ponich 0 1 1 1 4 5 2 0 1 0 0/0 24:18 1:49 4:26
Connor Chatam 0 0 0 0 0 0 0 0 0 0 1/1 3:06 0:00 2:42
Dave Dziurzynski 0 1 1 1 0 2 0 0 0 0 2/2 20:11 1:27 3:14
David Pope 0 0 0 0 0 3 1 2 1 0 1/2 13:35 1:59 0:00
Derrick Pouliot 0 0 0 0 0 0 0 0 0 0 0/0 8:51 0:00 0:04
Devante Smith-Pelly 0 0 0 1 2 3 4 1 2 0 1/1 22:04 1:27 4:58
Jacob Middleton 0 0 0 0 0 0 0 0 0 0 0/0 2:44 0:00 2:44
Jake Marchment 0 0 0 0 0 0 0 0 0 0 0/0 0:59 0:00 0:00
Jonas Brodin 0 1 1 -1 0 0 0 1 0 0 0/0 20:42 1:37 4:25
Jordan Subban 0 0 0 0 0 0 0 0 0 0 0/0 0:00 0:00 0:00
Joshua Jacobs 0 0 0 0 0 0 0 0 0 0 0/0 3:27 0:00 0:00
Julius Vahatalo 0 0 0 0 0 0 0 0 0 0 0/0 0:59 0:00 0:00
Kevin Roy 1 0 1 0 0 2 0 0 0 0 7/12 10:05 0:00 0:00
Matt Delahey 0 0 0 1 0 3 2 1 1 1 0/0 27:34 1:49 7:14
Morgan Ellis 0 0 0 -1 2 1 1 1 1 1 0/0 20:41 1:36 4:25
Phillip Danault 0 0 0 0 0 1 2 0 0 0 0/0 12:13 0:00 1:41
Richard Panik 0 1 1 0 0 2 2 1 1 0 1/3 16:53 1:59 3:14
Ryan Culkin 0 0 0 0 0 0 0 0 0 0 0/0 8:17 0:00 0:00
Samuel Blais 0 0 0 -1 2 1 1 0 0 0 0/0 6:30 0:00 0:00
Sebastian Collberg 0 0 0 -1 0 3 0 0 0 0 0/0 6:28 0:00 0:00
Seth Griffith 1 0 1 0 0 1 1 1 0 0 6/16 14:15 1:59 0:40
Stefan Noesen 0 1 1 0 2 4 2 1 1 0 0/0 10:11 0:00 0:00
Steven Santini 0 0 0 0 0 0 0 0 0 0 0/0 3:27 0:00 0:00
3 Stars
1 - Nail Yakupov (Que)
2 - Cédric Lalonde-McNicoll (Que)
3 - Niklas Hansson (Que)
Power Play
Remparts - 2 on 7 Attempt(s) - 28.57%
Gangsters - 1 on 3 Attempt(s) - 33.33%
Penalty Kill
Remparts - 2 on 3 Attempt(s) - 66.67%
- Score 0 goal in Penalty Kill
Gangsters - 5 on 7 Attempt(s) - 71.43%
- Score 0 goal in Penalty Kill
Team Stat
Remparts - Hits : 24 - Faceoff Wins : 40 - Blocked Shots : 23 - Penalty Minutes : 6
Gangsters - Hits : 20 - Faceoff Wins : 39 - Blocked Shots : 12 - Penalty Minutes : 14
Official
Referees : Unknown
Linesman : Unknown
Game Notes
No Game Note
Finance
Level 1 -- Attendance: 1361 (68.05%) -- Ticket Income $54,440
Level 2 -- Attendance: 679 (67.90%) -- Ticket Income $13,580
Total Attendance: 2040 (68.00%)
Total Ticket Income: $68,020
Other Income: $3,401
Total Income: $71,421
Remparts
5 vs 5 Forward
Center Left Wing Right Wing Time % Phy DF OF
1 Max Reinhart Pontus Aberg Ryan Strome 40 0 2 3
2 Sam Reinhart Brendan Perlini Guillaume Desbiens 30 0 2 3
3 Cédric Lalonde-McNicoll Matt Puempel Nail Yakupov 20 0 2 3
4 Mitchell Heard Roberts Lipsbergs Jake Virtanen 10 1 2 2
5 vs 5 Defense
Defense Defense Time % Phy DF OF
1 William Colbert Michal Jordan 40 0 2 3
2 Niklas Hansson Keaton Thompson 30 1 2 2
3 Michael Downing Nelson Nogier 20 1 2 2
4 William Colbert Michal Jordan 10 1 2 2
PowerPlay Forward
Center Left Wing Right Wing Time % Phy DF OF
1 Max Reinhart Pontus Aberg Ryan Strome 60 0 0 4
2 Sam Reinhart Brendan Perlini Guillaume Desbiens 40 0 1 4
PowerPlay Defense
Defense Defense Time % Phy DF OF
1 William Colbert Michal Jordan 60 0 2 3
2 Niklas Hansson Keaton Thompson 40 0 2 3
Penalty Kill 4 Players Forward
Center Wing Time % Phy DF OF
1 Max Reinhart Ryan Strome 60 1 3 1
2 Cédric Lalonde-McNicoll Guillaume Desbiens 40 1 3 1
Penalty Kill 4 Players Defense
Defense Defense Time % Phy DF OF
1 William Colbert Niklas Hansson 60 1 4 0
2 Keaton Thompson Michal Jordan 40 1 4 0
Penalty Kill - 3 Players Forward
Forward Time % Phy DF OF
1 Max Reinhart 60 1 3 1
2 Ryan Strome 40 1 3 1
Penalty Kill - 3 Players Defense
Defense Defense Time % Phy DF OF
1 William Colbert Niklas Hansson 60 1 4 0
2 Keaton Thompson Michal Jordan 40 1 4 0
4 vs 4 Forward
Center Wing Time % Phy DF OF
1 Max Reinhart Ryan Strome 60 0 2 3
2 Cédric Lalonde-McNicoll Pontus Aberg 40 0 2 3
4 vs 4 Defense
Defense Defense Time % Phy DF OF
1 William Colbert Michal Jordan 60 0 3 2
2 Niklas Hansson Keaton Thompson 40 0 3 2
Last Minutes Offensive
Center Left Wing Right Wing Defense Defense
Max Reinhart Pontus Aberg Ryan Strome Michal Jordan William Colbert
Last Minutes Defensive
Center Left Wing Right Wing Defense Defense
Max Reinhart Pontus Aberg Ryan Strome William Colbert Niklas Hansson
Goaltenders
Starting : Igor Bobkov
Backup : Garret Sparks
Extra Forwards
Normal : Sam Reinhart, Ryan Strome, Max Reinhart - PP : Sam Reinhart, Ryan Strome - PK : Jake Virtanen
Extra Defensemen
Normal : Michal Jordan, William Colbert, Niklas Hansson - PP : Keaton Thompson - PK : Michal Jordan, William Colbert
Penalty Shots
Max Reinhart, Pontus Aberg, Guillaume Desbiens, Nail Yakupov, Ryan Strome
Scratches
Viktor Baldayev (Broken Bone (Right Ankle) Injury), Juuso Ikonen (Healthy), Colin Smith (Healthy), Kyle Platzer (Healthy), Connor Honey (Healthy)
Anton Zlobin (Healthy), Tim Bozon (Healthy), Marek Langhamer (Healthy)
Gangsters
5 vs 5 Forward
Center Left Wing Right Wing Time % Phy DF OF
1 Artem Anisimov Dave Dziurzynski Devante Smith-Pelly 40 1 2 2
2 Seth Griffith David Pope Richard Panik 30 1 2 2
3 Kevin Roy Phillip Danault Stefan Noesen 20 1 2 2
4 Adam Lowry Samuel Blais Sebastian Collberg 10 1 2 2
5 vs 5 Defense
Defense Defense Time % Phy DF OF
1 Matt Delahey Brett Ponich 40 1 2 2
2 Morgan Ellis Jonas Brodin 30 1 2 2
3 Derrick Pouliot Ryan Culkin 20 1 2 2
4 Steven Santini Joshua Jacobs 10 1 2 2
PowerPlay Forward
Center Left Wing Right Wing Time % Phy DF OF
1 Artem Anisimov Dave Dziurzynski Devante Smith-Pelly 60 1 2 2
2 Seth Griffith David Pope Richard Panik 40 1 2 2
PowerPlay Defense
Defense Defense Time % Phy DF OF
1 Matt Delahey Brett Ponich 60 1 2 2
2 Morgan Ellis Jonas Brodin 40 1 2 2
Penalty Kill 4 Players Forward
Center Wing Time % Phy DF OF
1 Artem Anisimov Devante Smith-Pelly 60 1 2 2
2 Richard Panik Dave Dziurzynski 40 1 2 2
Penalty Kill 4 Players Defense
Defense Defense Time % Phy DF OF
1 Matt Delahey Brett Ponich 60 1 2 2
2 Morgan Ellis Jonas Brodin 40 1 2 2
Penalty Kill - 3 Players Forward
Forward Time % Phy DF OF
1 Artem Anisimov 60 1 2 2
2 Devante Smith-Pelly 40 1 2 2
Penalty Kill - 3 Players Defense
Defense Defense Time % Phy DF OF
1 Matt Delahey Brett Ponich 60 1 2 2
2 Morgan Ellis Jonas Brodin 40 1 2 2
4 vs 4 Forward
Center Wing Time % Phy DF OF
1 Artem Anisimov Devante Smith-Pelly 60 1 2 2
2 Richard Panik Dave Dziurzynski 40 1 2 2
4 vs 4 Defense
Defense Defense Time % Phy DF OF
1 Matt Delahey Brett Ponich 60 1 2 2
2 Morgan Ellis Jonas Brodin 40 1 2 2
Last Minutes Offensive
Center Left Wing Right Wing Defense Defense
Artem Anisimov Dave Dziurzynski Devante Smith-Pelly Matt Delahey Brett Ponich
Last Minutes Defensive
Center Left Wing Right Wing Defense Defense
Artem Anisimov Dave Dziurzynski Devante Smith-Pelly Matt Delahey Brett Ponich
Goaltenders
Starting : Dustin Tokarski
Backup : Jordan Binnington
Extra Forwards
Normal : Julius Vahatalo, Jake Marchment, Connor Chatam - PP : Julius Vahatalo, Jake Marchment - PK : Connor Chatam
Extra Defensemen
Normal : Jordan Subban, Jacob Middleton, Derrick Pouliot - PP : Jordan Subban - PK : Jacob Middleton, Derrick Pouliot
Penalty Shots
Artem Anisimov, Devante Smith-Pelly, Richard Panik, Dave Dziurzynski, Stefan Noesen
Scratches
Hugo Fagerblom (Healthy)
% Time on Ice - Remparts
Lines # - Real PCT - Wanted PCT - Time Play
Normal Forward
1 - 35% - 40% - 15:01
2 - 26% - 30% - 11:23
3 - 24% - 20% - 10:09
4 - 15% - 10% - 6:38
Normal Defense
1 - 44% - 40% - 19:08
2 - 31% - 30% - 13:25
3 - 20% - 20% - 8:51
4 - 4% - 10% - 1:47
PP Forward
1 - 57% - 60% - 6:26
2 - 43% - 40% - 4:47
PP Defense
1 - 61% - 60% - 6:49
2 - 39% - 40% - 4:24
PK Forward
1 - 79% - 60% - 2:43
2 - 21% - 40% - 0:43
PK Defense
1 - 71% - 60% - 2:26
2 - 29% - 40% - 1:00
PK3 Forward
1 - 0% - 60%
2 - 0% - 40%
PK3 Defense
1 - 0% - 60%
2 - 0% - 40%
44 Forward
1 - 100% - 60% - 1:08
2 - 0% - 40% - 0:00
44 Defense
1 - 100% - 60% - 1:08
2 - 0% - 40% - 0:00
Last Minute Offensive - 0:00
Last Minute Defensive - 1:02
Total
Forward - 60:00
Defense - 60:00
|
% Time on Ice - Gangsters
Lines # - Real PCT - Wanted PCT - Time Play
Normal Forward
1 - 35% - 40% - 15:01
2 - 27% - 30% - 11:40
3 - 23% - 20% - 10:05
4 - 15% - 10% - 6:28
Normal Defense
1 - 41% - 40% - 17:49
2 - 32% - 30% - 13:41
3 - 19% - 20% - 8:17
4 - 8% - 10% - 3:27
PP Forward
1 - 42% - 60% - 1:27
2 - 58% - 40% - 1:59
PP Defense
1 - 53% - 60% - 1:49
2 - 47% - 40% - 1:37
PK Forward
1 - 70% - 60% - 7:41
2 - 30% - 40% - 3:14
PK Defense
1 - 60% - 60% - 6:30
2 - 40% - 40% - 4:25
PK3 Forward
1 - 100% - 60% - 0:44
2 - 0% - 40% - 0:00
PK3 Defense
1 - 100% - 60% - 0:44
2 - 0% - 40% - 0:00
44 Forward
1 - 100% - 60% - 0:42
2 - 0% - 40% - 0:00
44 Defense
1 - 100% - 60% - 0:42
2 - 0% - 40% - 0:00
Last Minute Offensive - 0:59
Last Minute Defensive - 0:00
Total
Forward - 60:00
Defense - 60:00
|
Play-by-Play
1st period
0:01 of 1st period - Max Reinhart wins face-off versus Artem Anisimov in neutral zone.
0:08 of 1st period - Max Reinhart is hit by Matt Delahey and loses puck.
0:20 of 1st period - Devante Smith-Pelly is hit by Michal Jordan and loses puck.
0:40 of 1st period - Slapshot by David Pope.
0:40 of 1st period - Stopped by Igor Bobkov without a rebound.
0:41 of 1st period - Kevin Roy wins face-off versus Cédric Lalonde-McNicoll in Remparts zone.
0:56 of 1st period - Snap shot by Kevin Roy.
0:56 of 1st period - Shot Blocked by Keaton Thompson.
2:17 of 1st period - Wrist shot by Kevin Roy.
2:17 of 1st period - Stopped by Igor Bobkov with a rebound.
2:19 of 1st period - Slapshot by Ryan Culkin.
2:19 of 1st period - Deflect By Phillip Danault.
2:19 of 1st period - Stopped by Igor Bobkov with a rebound.
3:42 of 1st period - Snap shot by Nail Yakupov.
3:42 of 1st period - Stopped by Dustin Tokarski without a rebound.
3:43 of 1st period - Kevin Roy wins face-off versus Cédric Lalonde-McNicoll in Gangsters zone.
3:48 of 1st period - Wrist shot by Stefan Noesen.
3:48 of 1st period - Shot Blocked by Nelson Nogier.
4:15 of 1st period - Cédric Lalonde-McNicoll is hit by Stefan Noesen and loses puck.
4:22 of 1st period - Kevin Roy is hit by Cédric Lalonde-McNicoll.
4:26 of 1st period - Wrist shot by Phillip Danault.
4:26 of 1st period - Shot Hit the Post.
4:40 of 1st period - Nelson Nogier is hit by Phillip Danault and loses puck.
4:49 of 1st period - Snap shot by Kevin Roy.
4:49 of 1st period - Shot Blocked by Nelson Nogier.
4:51 of 1st period - Wrist shot by Kevin Roy.
4:51 of 1st period - Goal by Kevin Roy - Remparts : 0 - Gangsters : 1.
4:52 of 1st period - Artem Anisimov wins face-off versus Max Reinhart in neutral zone.
4:57 of 1st period - Snap shot by Dave Dziurzynski.
4:57 of 1st period - Shot Blocked by William Colbert.
5:49 of 1st period - Steven Santini is hit by Guillaume Desbiens and loses puck.
6:28 of 1st period - Jonas Brodin is hit by Jake Virtanen and loses puck.
6:45 of 1st period - Snap shot by Nail Yakupov.
6:45 of 1st period - Shot Misses the Net.
7:16 of 1st period - Snap shot by Devante Smith-Pelly.
7:16 of 1st period - Shot Blocked by Niklas Hansson.
7:27 of 1st period - Off-side.
7:28 of 1st period - Kevin Roy wins face-off versus Mitchell Heard in neutral zone.
7:37 of 1st period - Wrist shot by Stefan Noesen.
7:37 of 1st period - Stopped by Igor Bobkov with a rebound.
7:53 of 1st period - Derrick Pouliot is hit by Ryan Strome and loses puck.
8:02 of 1st period - Snap shot by Ryan Strome.
8:02 of 1st period - Stopped by Dustin Tokarski without a rebound.
8:03 of 1st period - David Pope wins face-off versus Sam Reinhart in Gangsters zone.
8:05 of 1st period - Minor Penalty to Brett Ponich for Charging.
8:06 of 1st period - Max Reinhart wins face-off versus Artem Anisimov in Gangsters zone.
8:27 of 1st period - Icing by Michal Jordan.
8:28 of 1st period - Pontus Aberg wins face-off versus Artem Anisimov in Remparts zone.
9:06 of 1st period - Niklas Hansson is hit by Devante Smith-Pelly and loses puck.
10:05 of 1st period - Penalty to Brett Ponich is over, Brett Ponich is back on ice.
10:24 of 1st period - Slapshot by Matt Delahey.
10:24 of 1st period - Shot Misses the Net.
10:44 of 1st period - Off-side.
10:45 of 1st period - Max Reinhart wins face-off versus Seth Griffith in neutral zone.
10:56 of 1st period - Slapshot by Ryan Strome.
10:56 of 1st period - Stopped by Dustin Tokarski with a rebound.
11:14 of 1st period - Minor Penalty to Devante Smith-Pelly for Hooking.
11:15 of 1st period - Artem Anisimov wins face-off versus Max Reinhart in Gangsters zone.
11:41 of 1st period - Brendan Perlini is hit by Matt Delahey and loses puck.
11:56 of 1st period - Snap shot by Dave Dziurzynski.
11:56 of 1st period - Stopped by Igor Bobkov without a rebound.
11:57 of 1st period - Sam Reinhart wins face-off versus Richard Panik in Remparts zone.
12:29 of 1st period - Snap shot by Ryan Strome.
12:29 of 1st period - Deflect By Max Reinhart.
12:29 of 1st period - Shot Misses the Net.
12:29 of 1st period - Puck is out of play.
12:30 of 1st period - Max Reinhart wins face-off versus Artem Anisimov in Gangsters zone.
12:31 of 1st period - Slapshot by Pontus Aberg.
12:31 of 1st period - Stopped by Dustin Tokarski with a rebound.
12:57 of 1st period - Artem Anisimov is hit by Brendan Perlini.
13:14 of 1st period - Penalty to Devante Smith-Pelly is over, Devante Smith-Pelly is back on ice.
13:29 of 1st period - Wrist shot by Devante Smith-Pelly.
13:29 of 1st period - Shot Blocked by William Colbert.
14:23 of 1st period - William Colbert is hit by Brett Ponich and loses puck.
14:50 of 1st period - Wrist shot by Richard Panik.
14:50 of 1st period - Stopped by Igor Bobkov without a rebound.
14:51 of 1st period - Max Reinhart wins face-off versus Seth Griffith in Remparts zone.
14:53 of 1st period - Icing by Ryan Strome.
14:54 of 1st period - Max Reinhart wins face-off versus Artem Anisimov in Remparts zone.
14:59 of 1st period - Dave Dziurzynski is hit by Keaton Thompson and loses puck.
15:06 of 1st period - Snap shot by Pontus Aberg.
15:06 of 1st period - Shot Misses the Net.
15:08 of 1st period - Slapshot by Ryan Strome.
15:08 of 1st period - Stopped by Dustin Tokarski with a rebound.
15:10 of 1st period - Wrist shot by Max Reinhart.
15:10 of 1st period - Stopped by Dustin Tokarski without a rebound.
15:11 of 1st period - Seth Griffith wins face-off versus Sam Reinhart in Gangsters zone.
15:16 of 1st period - Wrist shot by Matt Delahey.
15:16 of 1st period - Deflect By Sam Reinhart.
15:16 of 1st period - Stopped by Igor Bobkov without a rebound.
15:17 of 1st period - Sam Reinhart wins face-off versus Seth Griffith in Remparts zone.
15:22 of 1st period - Snap shot by David Pope.
15:22 of 1st period - Shot Hit the Post.
16:06 of 1st period - Snap shot by Stefan Noesen.
16:06 of 1st period - Stopped by Igor Bobkov without a rebound.
16:07 of 1st period - Mitchell Heard wins face-off versus Kevin Roy in Remparts zone.
16:16 of 1st period - Wrist shot by Michal Jordan.
16:16 of 1st period - Shot Blocked by Stefan Noesen.
16:18 of 1st period - Slapshot by Mitchell Heard.
16:18 of 1st period - Stopped by Dustin Tokarski without a rebound.
16:19 of 1st period - Max Reinhart wins face-off versus Artem Anisimov in Gangsters zone.
16:24 of 1st period - Snap shot by Ryan Strome.
16:24 of 1st period - Stopped by Dustin Tokarski without a rebound.
16:25 of 1st period - Pontus Aberg wins face-off versus Artem Anisimov in Gangsters zone.
16:38 of 1st period - Wrist shot by Max Reinhart.
16:38 of 1st period - Shot Blocked by Artem Anisimov.
16:40 of 1st period - Slapshot by Michal Jordan.
16:40 of 1st period - Stopped by Dustin Tokarski with a rebound.
16:46 of 1st period - Minor Penalty to Artem Anisimov for High sticking.
16:47 of 1st period - Connor Chatam wins face-off versus Max Reinhart in Gangsters zone.
18:46 of 1st period - Penalty to Artem Anisimov is over, Artem Anisimov is back on ice.
19:54 of 1st period - Snap shot by Richard Panik.
19:54 of 1st period - Shot Blocked by William Colbert.
Goals for this period are 0 for Remparts vs 1 for Gangsters.
Shots for this period are 9 for Remparts vs 9 for Gangsters.
2nd period
0:01 of 2nd period - Max Reinhart wins face-off versus Artem Anisimov in neutral zone.
0:28 of 2nd period - Snap shot by Sam Reinhart.
0:28 of 2nd period - Shot Misses the Net.
0:30 of 2nd period - Wrist shot by Sam Reinhart.
0:30 of 2nd period - Shot Misses the Net.
0:32 of 2nd period - Slapshot by Guillaume Desbiens.
0:32 of 2nd period - Stopped by Dustin Tokarski without a rebound.
0:33 of 2nd period - Seth Griffith wins face-off versus Sam Reinhart in Gangsters zone.
0:58 of 2nd period - Max Reinhart is hit by Artem Anisimov and loses puck.
1:43 of 2nd period - Matt Delahey is hit by Guillaume Desbiens.
1:57 of 2nd period - Max Reinhart is hit by Brett Ponich and loses puck.
2:18 of 2nd period - Derrick Pouliot is hit by Jake Virtanen and loses puck.
3:20 of 2nd period - Artem Anisimov is hit by Niklas Hansson and loses puck.
3:35 of 2nd period - Snap shot by Jake Virtanen.
3:35 of 2nd period - Stopped by Dustin Tokarski with a rebound.
3:41 of 2nd period - Slapshot by Michal Jordan.
3:41 of 2nd period - Stopped by Dustin Tokarski with a rebound.
3:43 of 2nd period - Slapshot by William Colbert.
3:43 of 2nd period - Shot Misses the Net.
4:19 of 2nd period - Seth Griffith is hit by Nail Yakupov and loses puck.
4:32 of 2nd period - Seth Griffith is hit by Ryan Strome and loses puck.
4:41 of 2nd period - Wrist shot by Max Reinhart.
4:41 of 2nd period - Shot Misses the Net.
4:55 of 2nd period - Snap shot by Artem Anisimov.
4:55 of 2nd period - Goal by Artem Anisimov - Remparts : 0 - Gangsters : 2.
4:56 of 2nd period - Max Reinhart wins face-off versus Artem Anisimov in neutral zone.
5:05 of 2nd period - Wrist shot by Ryan Strome.
5:05 of 2nd period - Deflect By Devante Smith-Pelly.
5:05 of 2nd period - Shot Misses the Net.
5:05 of 2nd period - Puck is out of play.
5:06 of 2nd period - Artem Anisimov wins face-off versus Max Reinhart in Gangsters zone.
5:19 of 2nd period - Wrist shot by Pontus Aberg.
5:19 of 2nd period - Shot Misses the Net.
5:21 of 2nd period - Slapshot by William Colbert.
5:21 of 2nd period - Stopped by Dustin Tokarski with a rebound.
5:23 of 2nd period - Slapshot by William Colbert.
5:23 of 2nd period - Shot Blocked by Artem Anisimov.
5:25 of 2nd period - Slapshot by Michal Jordan.
5:25 of 2nd period - Stopped by Dustin Tokarski without a rebound.
5:26 of 2nd period - Guillaume Desbiens wins face-off versus Seth Griffith in Gangsters zone.
5:31 of 2nd period - Snap shot by Guillaume Desbiens.
5:31 of 2nd period - Stopped by Dustin Tokarski without a rebound.
5:32 of 2nd period - Seth Griffith wins face-off versus Sam Reinhart in Gangsters zone.
5:37 of 2nd period - Sam Reinhart is hit by Seth Griffith and loses puck.
5:46 of 2nd period - Slapshot by Sam Reinhart.
5:46 of 2nd period - Shot Blocked by Richard Panik.
6:20 of 2nd period - Wrist shot by Devante Smith-Pelly.
6:20 of 2nd period - Shot Blocked by Michal Jordan.
6:22 of 2nd period - Snap shot by Matt Delahey.
6:22 of 2nd period - Deflect By William Colbert.
6:22 of 2nd period - Stopped by Igor Bobkov without a rebound.
6:23 of 2nd period - Kevin Roy wins face-off versus Sam Reinhart in Remparts zone.
6:24 of 2nd period - Slapshot by Stefan Noesen.
6:24 of 2nd period - Deflect By Phillip Danault.
6:24 of 2nd period - Shot Misses the Net.
6:24 of 2nd period - Puck is out of play.
6:25 of 2nd period - Sam Reinhart wins face-off versus Kevin Roy in Remparts zone.
6:38 of 2nd period - Wrist shot by Michal Jordan.
6:38 of 2nd period - Shot Blocked by Morgan Ellis.
6:54 of 2nd period - Snap shot by Artem Anisimov.
6:54 of 2nd period - Stopped by Igor Bobkov without a rebound.
6:55 of 2nd period - Artem Anisimov wins face-off versus Max Reinhart in Remparts zone.
7:02 of 2nd period - Wrist shot by Devante Smith-Pelly.
7:02 of 2nd period - Stopped by Igor Bobkov with a rebound.
7:04 of 2nd period - Slapshot by Artem Anisimov.
7:04 of 2nd period - Shot Misses the Net.
7:06 of 2nd period - Snap shot by Dave Dziurzynski.
7:06 of 2nd period - Shot Misses the Net.
7:08 of 2nd period - Slapshot by Matt Delahey.
7:08 of 2nd period - Deflect By Dave Dziurzynski.
7:08 of 2nd period - Stopped by Igor Bobkov without a rebound.
7:09 of 2nd period - Artem Anisimov wins face-off versus Max Reinhart in Remparts zone.
7:40 of 2nd period - Off-side.
7:41 of 2nd period - Sam Reinhart wins face-off versus Seth Griffith in neutral zone.
7:48 of 2nd period - Snap shot by Sam Reinhart.
7:48 of 2nd period - Deflect By Guillaume Desbiens.
7:48 of 2nd period - Shot Blocked by Seth Griffith.
7:48 of 2nd period - Puck is out of play.
7:49 of 2nd period - Max Reinhart wins face-off versus Seth Griffith in Gangsters zone.
8:14 of 2nd period - Max Reinhart is hit by Stefan Noesen.
8:18 of 2nd period - Snap shot by Stefan Noesen.
8:18 of 2nd period - Stopped by Igor Bobkov without a rebound.
8:19 of 2nd period - Kevin Roy wins face-off versus Brendan Perlini in Remparts zone.
8:24 of 2nd period - Snap shot by Stefan Noesen.
8:24 of 2nd period - Shot Blocked by William Colbert.
8:46 of 2nd period - Slapshot by Brett Ponich.
8:46 of 2nd period - Deflect By Dave Dziurzynski.
8:46 of 2nd period - Shot Misses the Net.
8:46 of 2nd period - Puck is out of play.
8:47 of 2nd period - Artem Anisimov wins face-off versus Cédric Lalonde-McNicoll in Remparts zone.
8:48 of 2nd period - Snap shot by Dave Dziurzynski.
8:48 of 2nd period - Deflect By Artem Anisimov.
8:48 of 2nd period - Stopped by Igor Bobkov with a rebound.
9:19 of 2nd period - Snap shot by Cédric Lalonde-McNicoll.
9:19 of 2nd period - Goal by Cédric Lalonde-McNicoll - Remparts : 1 - Gangsters : 2.
9:20 of 2nd period - Devante Smith-Pelly wins face-off versus Max Reinhart in neutral zone.
9:23 of 2nd period - Slapshot by Dave Dziurzynski.
9:23 of 2nd period - Deflect By Artem Anisimov.
9:23 of 2nd period - Shot Blocked by William Colbert.
9:23 of 2nd period - Puck is out of play.
9:24 of 2nd period - Dave Dziurzynski wins face-off versus Max Reinhart in Remparts zone.
9:29 of 2nd period - Snap shot by Devante Smith-Pelly.
9:29 of 2nd period - Deflect By Pontus Aberg.
9:29 of 2nd period - Shot Misses the Net.
9:29 of 2nd period - Puck is out of play.
9:30 of 2nd period - Max Reinhart wins face-off versus Artem Anisimov in Remparts zone.
9:39 of 2nd period - Slapshot by Ryan Strome.
9:39 of 2nd period - Shot Misses the Net.
9:46 of 2nd period - Brett Ponich is hit by Michal Jordan and loses puck.
9:53 of 2nd period - Wrist shot by Artem Anisimov.
9:53 of 2nd period - Deflect By Michal Jordan.
9:53 of 2nd period - Shot Blocked by William Colbert.
9:53 of 2nd period - Puck is out of play.
9:54 of 2nd period - Seth Griffith wins face-off versus Sam Reinhart in Remparts zone.
9:55 of 2nd period - Snap shot by Richard Panik.
9:55 of 2nd period - Shot Hit the Post.
10:08 of 2nd period - Morgan Ellis is hit by Sam Reinhart and loses puck.
10:23 of 2nd period - Off-side.
10:24 of 2nd period - Max Reinhart wins face-off versus Kevin Roy in neutral zone.
10:41 of 2nd period - Slapshot by Stefan Noesen.
10:41 of 2nd period - Stopped by Igor Bobkov with a rebound.
10:43 of 2nd period - Wrist shot by Stefan Noesen.
10:43 of 2nd period - Shot Blocked by Michal Jordan.
11:06 of 2nd period - Snap shot by William Colbert.
11:06 of 2nd period - Stopped by Dustin Tokarski without a rebound.
11:07 of 2nd period - Sam Reinhart wins face-off versus Artem Anisimov in Gangsters zone.
11:20 of 2nd period - Slapshot by Brett Ponich.
11:20 of 2nd period - Stopped by Igor Bobkov with a rebound.
11:22 of 2nd period - Snap shot by Artem Anisimov.
11:22 of 2nd period - Stopped by Igor Bobkov with a rebound.
11:28 of 2nd period - Minor Penalty to Nelson Nogier for High sticking.
11:29 of 2nd period - Artem Anisimov wins face-off versus Max Reinhart in Remparts zone.
11:32 of 2nd period - Snap shot by Devante Smith-Pelly.
11:32 of 2nd period - Shot Misses the Net.
12:40 of 2nd period - Keaton Thompson is hit by Artem Anisimov and loses puck.
13:28 of 2nd period - Penalty to Nelson Nogier is over, Nelson Nogier is back on ice.
13:35 of 2nd period - Roberts Lipsbergs is hit by Samuel Blais and loses puck.
13:40 of 2nd period - Wrist shot by Samuel Blais.
13:40 of 2nd period - Shot Misses the Net.
13:42 of 2nd period - Slapshot by Sebastian Collberg.
13:42 of 2nd period - Shot Blocked by Roberts Lipsbergs.
13:44 of 2nd period - Snap shot by Ryan Culkin.
13:44 of 2nd period - Shot Blocked by Niklas Hansson.
14:10 of 2nd period - Icing by Derrick Pouliot.
14:11 of 2nd period - Adam Lowry wins face-off versus Cédric Lalonde-McNicoll in Gangsters zone.
14:58 of 2nd period - Wrist shot by Cédric Lalonde-McNicoll.
14:58 of 2nd period - Shot Blocked by Adam Lowry.
15:00 of 2nd period - Slapshot by Michael Downing.
15:00 of 2nd period - Stopped by Dustin Tokarski without a rebound.
15:01 of 2nd period - Artem Anisimov wins face-off versus Max Reinhart in Gangsters zone.
15:01 of 2nd period - Artem Anisimov is hit by Ryan Strome.
15:17 of 2nd period - Snap shot by Dave Dziurzynski.
15:17 of 2nd period - Deflect By Max Reinhart.
15:17 of 2nd period - Shot Misses the Net.
15:17 of 2nd period - Puck is out of play.
15:18 of 2nd period - Sam Reinhart wins face-off versus Seth Griffith in Remparts zone.
15:22 of 2nd period - Icing by Guillaume Desbiens.
15:23 of 2nd period - Sam Reinhart wins face-off versus Seth Griffith in Remparts zone.
15:27 of 2nd period - Off-side.
15:28 of 2nd period - Richard Panik wins face-off versus Sam Reinhart in neutral zone.
15:47 of 2nd period - Brett Ponich is hit by Brendan Perlini and loses puck.
16:04 of 2nd period - Snap shot by David Pope.
16:04 of 2nd period - Shot Blocked by Keaton Thompson.
16:06 of 2nd period - Snap shot by Matt Delahey.
16:06 of 2nd period - Shot Blocked by Keaton Thompson.
16:08 of 2nd period - Slapshot by Brett Ponich.
16:08 of 2nd period - Stopped by Igor Bobkov with a rebound.
16:18 of 2nd period - Snap shot by David Pope.
16:18 of 2nd period - Shot Misses the Net.
16:20 of 2nd period - Slapshot by Brett Ponich.
16:20 of 2nd period - Stopped by Igor Bobkov with a rebound.
16:22 of 2nd period - Snap shot by Richard Panik.
16:22 of 2nd period - Stopped by Igor Bobkov without a rebound.
16:23 of 2nd period - Max Reinhart wins face-off versus Artem Anisimov in Remparts zone.
16:32 of 2nd period - Slapshot by Max Reinhart.
16:32 of 2nd period - Shot Misses the Net.
16:48 of 2nd period - William Colbert is hit by Phillip Danault.
17:17 of 2nd period - Wrist shot by Sebastian Collberg.
17:17 of 2nd period - Deflect By Samuel Blais.
17:17 of 2nd period - Stopped by Igor Bobkov with a rebound.
17:19 of 2nd period - Slapshot by Jonas Brodin.
17:19 of 2nd period - Deflect By Samuel Blais.
17:19 of 2nd period - Shot Blocked by Nelson Nogier.
17:19 of 2nd period - Puck is out of play.
17:20 of 2nd period - Max Reinhart wins face-off versus Artem Anisimov in Remparts zone.
17:47 of 2nd period - Sam Reinhart is hit by David Pope and loses puck.
17:56 of 2nd period - Snap shot by Richard Panik.
17:56 of 2nd period - Shot Blocked by Sam Reinhart.
18:05 of 2nd period - Off-side.
18:06 of 2nd period - Kevin Roy wins face-off versus Cédric Lalonde-McNicoll in neutral zone.
18:16 of 2nd period - Minor Penalty to Stefan Noesen for Hooking.
18:17 of 2nd period - Artem Anisimov wins face-off versus Pontus Aberg in Gangsters zone.
18:17 of 2nd period - Artem Anisimov is hit by William Colbert.
18:26 of 2nd period - Snap shot by Pontus Aberg.
18:26 of 2nd period - Stopped by Dustin Tokarski without a rebound.
18:27 of 2nd period - Artem Anisimov wins face-off versus Max Reinhart in Gangsters zone.
18:27 of 2nd period - Artem Anisimov is hit by Ryan Strome.
18:37 of 2nd period - Slapshot by Michal Jordan.
18:37 of 2nd period - Stopped by Dustin Tokarski without a rebound.
18:38 of 2nd period - Artem Anisimov wins face-off versus Max Reinhart in Gangsters zone.
19:14 of 2nd period - Snap shot by Sam Reinhart.
19:14 of 2nd period - Stopped by Dustin Tokarski with a rebound.
Goals for this period are 1 for Remparts vs 1 for Gangsters.
Shots for this period are 12 for Remparts vs 14 for Gangsters.
3rd period
0:01 of 3rd period - Max Reinhart wins face-off versus Artem Anisimov in neutral zone.
0:16 of 3rd period - Penalty to Stefan Noesen is over, Stefan Noesen is back on ice.
0:26 of 3rd period - Brendan Perlini is hit by Richard Panik and loses puck.
0:44 of 3rd period - Off-side.
0:45 of 3rd period - Cédric Lalonde-McNicoll wins face-off versus Kevin Roy in neutral zone.
0:58 of 3rd period - Wrist shot by Jonas Brodin.
0:58 of 3rd period - Shot Blocked by Niklas Hansson.
1:00 of 3rd period - Slapshot by Morgan Ellis.
1:00 of 3rd period - Stopped by Igor Bobkov with a rebound.
1:10 of 3rd period - Morgan Ellis is hit by Pontus Aberg and loses puck.
1:16 of 3rd period - Off-side.
1:17 of 3rd period - Max Reinhart wins face-off versus Artem Anisimov in neutral zone.
1:20 of 3rd period - Devante Smith-Pelly is hit by Max Reinhart and loses puck.
1:27 of 3rd period - Ryan Strome is hit by Devante Smith-Pelly and loses puck.
1:53 of 3rd period - Slapshot by Richard Panik.
1:53 of 3rd period - Shot Blocked by Guillaume Desbiens.
2:24 of 3rd period - Icing by William Colbert.
2:25 of 3rd period - Kevin Roy wins face-off versus Mitchell Heard in Remparts zone.
2:30 of 3rd period - Snap shot by Artem Anisimov.
2:30 of 3rd period - Stopped by Igor Bobkov with a rebound.
2:59 of 3rd period - Jonas Brodin is hit by Mitchell Heard and loses puck.
3:08 of 3rd period - Slapshot by William Colbert.
3:08 of 3rd period - Stopped by Dustin Tokarski with a rebound.
3:10 of 3rd period - Backhand shot by Mitchell Heard.
3:10 of 3rd period - Stopped by Dustin Tokarski with a rebound.
3:23 of 3rd period - Icing by Jonas Brodin.
3:24 of 3rd period - Artem Anisimov wins face-off versus Max Reinhart in Gangsters zone.
3:24 of 3rd period - Artem Anisimov is hit by Keaton Thompson.
3:46 of 3rd period - Minor Penalty to Keaton Thompson for Hooking.
3:47 of 3rd period - Max Reinhart wins face-off versus Seth Griffith in Remparts zone.
4:37 of 3rd period - Minor Penalty to Morgan Ellis for Interference.
4:38 of 3rd period - Artem Anisimov wins face-off versus Max Reinhart in Gangsters zone.
4:43 of 3rd period - Backhand shot by Brett Ponich.
4:43 of 3rd period - Stopped by Igor Bobkov without a rebound.
4:44 of 3rd period - Artem Anisimov wins face-off versus Max Reinhart in Remparts zone.
4:57 of 3rd period - Snap shot by Devante Smith-Pelly.
4:57 of 3rd period - Stopped by Igor Bobkov without a rebound.
4:58 of 3rd period - Artem Anisimov wins face-off versus Max Reinhart in Remparts zone.
5:01 of 3rd period - Snap shot by Artem Anisimov.
5:01 of 3rd period - Shot Misses the Net.
5:07 of 3rd period - Wrist shot by Ryan Strome.
5:07 of 3rd period - Shot Misses the Net.
5:09 of 3rd period - Slapshot by William Colbert.
5:09 of 3rd period - Shot Blocked by Devante Smith-Pelly.
5:11 of 3rd period - Snap shot by Ryan Strome.
5:11 of 3rd period - Shot Misses the Net.
5:13 of 3rd period - Backhand shot by Max Reinhart.
5:13 of 3rd period - Stopped by Dustin Tokarski with a rebound.
5:19 of 3rd period - Minor Penalty to Brett Ponich for Hooking.
5:20 of 3rd period - Max Reinhart wins face-off versus Artem Anisimov in Gangsters zone.
5:23 of 3rd period - Wrist shot by Max Reinhart.
5:23 of 3rd period - Shot Blocked by Matt Delahey.
5:46 of 3rd period - Penalty to Keaton Thompson is over, Keaton Thompson is back on ice.
6:01 of 3rd period - Snap shot by Sam Reinhart.
6:01 of 3rd period - Shot Misses the Net.
6:03 of 3rd period - Snap shot by Niklas Hansson.
6:03 of 3rd period - Goal by Niklas Hansson - Remparts : 2 - Gangsters : 2.
6:04 of 3rd period - Artem Anisimov wins face-off versus Max Reinhart in neutral zone.
6:35 of 3rd period - Slapshot by Michal Jordan.
6:35 of 3rd period - Stopped by Dustin Tokarski without a rebound.
6:36 of 3rd period - Max Reinhart wins face-off versus Richard Panik in Gangsters zone.
6:43 of 3rd period - Snap shot by Max Reinhart.
6:43 of 3rd period - Shot Misses the Net.
6:45 of 3rd period - Slapshot by Ryan Strome.
6:45 of 3rd period - Shot Blocked by Jonas Brodin.
6:49 of 3rd period - Wrist shot by Max Reinhart.
6:49 of 3rd period - Deflect By Jonas Brodin.
6:49 of 3rd period - Stopped by Dustin Tokarski without a rebound.
6:50 of 3rd period - Artem Anisimov wins face-off versus Max Reinhart in Gangsters zone.
7:03 of 3rd period - Backhand shot by Max Reinhart.
7:03 of 3rd period - Deflect By Pontus Aberg.
7:03 of 3rd period - Goal by Pontus Aberg - Remparts : 3 - Gangsters : 2.
7:04 of 3rd period - Dave Dziurzynski wins face-off versus Max Reinhart in neutral zone.
8:14 of 3rd period - Slapshot by Sebastian Collberg.
8:14 of 3rd period - Stopped by Igor Bobkov with a rebound.
8:16 of 3rd period - Slapshot by Brett Ponich.
8:16 of 3rd period - Shot Misses the Net.
8:18 of 3rd period - Slapshot by Matt Delahey.
8:18 of 3rd period - Shot Blocked by Michael Downing.
8:20 of 3rd period - Wrist shot by Sebastian Collberg.
8:20 of 3rd period - Stopped by Igor Bobkov with a rebound.
8:22 of 3rd period - Slapshot by Sebastian Collberg.
8:22 of 3rd period - Stopped by Igor Bobkov with a rebound.
8:34 of 3rd period - Slapshot by Ryan Strome.
8:34 of 3rd period - Deflect By Max Reinhart.
8:34 of 3rd period - Stopped by Dustin Tokarski without a rebound.
8:35 of 3rd period - Max Reinhart wins face-off versus Artem Anisimov in Gangsters zone.
8:36 of 3rd period - Wrist shot by Ryan Strome.
8:36 of 3rd period - Shot Misses the Net.
8:51 of 3rd period - Minor Penalty to Ryan Strome for Roughing.
8:52 of 3rd period - Max Reinhart wins face-off versus Artem Anisimov in Remparts zone.
8:52 of 3rd period - Max Reinhart is hit by Devante Smith-Pelly.
9:05 of 3rd period - Snap shot by Dave Dziurzynski.
9:05 of 3rd period - Shot Misses the Net.
9:27 of 3rd period - Snap shot by Seth Griffith.
9:27 of 3rd period - Goal by Seth Griffith - Remparts : 3 - Gangsters : 3.
9:28 of 3rd period - Artem Anisimov wins face-off versus Sam Reinhart in neutral zone.
9:45 of 3rd period - Off-side.
9:46 of 3rd period - Max Reinhart wins face-off versus Seth Griffith in neutral zone.
9:55 of 3rd period - Wrist shot by David Pope.
9:55 of 3rd period - Shot Misses the Net.
10:11 of 3rd period - Guillaume Desbiens is hit by Morgan Ellis.
11:09 of 3rd period - Slapshot by David Pope.
11:09 of 3rd period - Stopped by Igor Bobkov without a rebound.
11:10 of 3rd period - Seth Griffith wins face-off versus Max Reinhart in Remparts zone.
11:59 of 3rd period - Brendan Perlini is hit by Devante Smith-Pelly and loses puck.
12:22 of 3rd period - Snap shot by Cédric Lalonde-McNicoll.
12:22 of 3rd period - Shot Misses the Net.
12:24 of 3rd period - Wrist shot by Nail Yakupov.
12:24 of 3rd period - Shot Misses the Net.
12:26 of 3rd period - Snap shot by Matt Puempel.
12:26 of 3rd period - Shot Misses the Net.
12:38 of 3rd period - Snap shot by Jake Virtanen.
12:38 of 3rd period - Shot Blocked by David Pope.
12:40 of 3rd period - Wrist shot by Jake Virtanen.
12:40 of 3rd period - Shot Blocked by David Pope.
12:42 of 3rd period - Slapshot by Michal Jordan.
12:42 of 3rd period - Stopped by Dustin Tokarski without a rebound.
12:43 of 3rd period - Guillaume Desbiens wins face-off versus David Pope in Gangsters zone.
12:54 of 3rd period - Wrist shot by Guillaume Desbiens.
12:54 of 3rd period - Stopped by Dustin Tokarski with a rebound.
13:22 of 3rd period - Wrist shot by Seth Griffith.
13:22 of 3rd period - Shot Blocked by Matt Puempel.
13:24 of 3rd period - Slapshot by Brett Ponich.
13:24 of 3rd period - Stopped by Igor Bobkov with a rebound.
13:26 of 3rd period - Wrist shot by Matt Delahey.
13:26 of 3rd period - Stopped by Igor Bobkov with a rebound.
13:28 of 3rd period - Slapshot by Brett Ponich.
13:28 of 3rd period - Deflect By David Pope.
13:28 of 3rd period - Shot Misses the Net.
13:28 of 3rd period - Puck is out of play.
13:29 of 3rd period - Artem Anisimov wins face-off versus Max Reinhart in Remparts zone.
14:01 of 3rd period - Slapshot by Jonas Brodin.
14:01 of 3rd period - Shot Blocked by Brendan Perlini.
14:15 of 3rd period - Wrist shot by Cédric Lalonde-McNicoll.
14:15 of 3rd period - Deflect By Nail Yakupov.
14:15 of 3rd period - Goal by Nail Yakupov - Remparts : 4 - Gangsters : 3.
14:16 of 3rd period - Max Reinhart wins face-off versus Artem Anisimov in neutral zone.
14:29 of 3rd period - Slapshot by Dave Dziurzynski.
14:29 of 3rd period - Shot Misses the Net.
14:31 of 3rd period - Snap shot by Devante Smith-Pelly.
14:31 of 3rd period - Stopped by Igor Bobkov without a rebound.
14:32 of 3rd period - Seth Griffith wins face-off versus Sam Reinhart in Remparts zone.
14:39 of 3rd period - Wrist shot by David Pope.
14:39 of 3rd period - Stopped by Igor Bobkov with a rebound.
14:57 of 3rd period - Brett Ponich is hit by Max Reinhart and loses puck.
15:03 of 3rd period - Icing by Matt Delahey.
15:04 of 3rd period - Max Reinhart wins face-off versus Artem Anisimov in Gangsters zone.
15:13 of 3rd period - Snap shot by Artem Anisimov.
15:13 of 3rd period - Stopped by Igor Bobkov with a rebound.
15:15 of 3rd period - Snap shot by Devante Smith-Pelly.
15:15 of 3rd period - Deflect By Artem Anisimov.
15:15 of 3rd period - Stopped by Igor Bobkov with a rebound.
15:17 of 3rd period - Slapshot by Artem Anisimov.
15:17 of 3rd period - Stopped by Igor Bobkov without a rebound.
15:18 of 3rd period - Max Reinhart wins face-off versus Kevin Roy in Remparts zone.
15:29 of 3rd period - Snap shot by Max Reinhart.
15:29 of 3rd period - Stopped by Dustin Tokarski without a rebound.
15:30 of 3rd period - Max Reinhart wins face-off versus Artem Anisimov in Gangsters zone.
15:31 of 3rd period - Wrist shot by Ryan Strome.
15:31 of 3rd period - Shot Misses the Net.
16:58 of 3rd period - Minor Penalty to Samuel Blais for Hooking.
16:59 of 3rd period - Max Reinhart wins face-off versus Artem Anisimov in Gangsters zone.
18:45 of 3rd period - Max Reinhart is hit by Richard Panik and loses puck.
18:58 of 3rd period - Penalty to Samuel Blais is over, Samuel Blais is back on ice.
19:04 of 3rd period - Gangsters, Dustin Tokarski is pulled from the net.
19:04 of 3rd period - Backhand shot by Artem Anisimov.
19:04 of 3rd period - Shot Misses the Net.
19:37 of 3rd period - Jonas Brodin is hit by Mitchell Heard and loses puck.
Goals for this period are 3 for Remparts vs 1 for Gangsters.
Shots for this period are 12 for Remparts vs 16 for Gangsters.
Back to the Top